 Dungeon Crawl Stone Soup version 0.26-a0-672-g1df16c3386 (webtiles) character file.

Game seed: 7879282560021376896

5733 somkeydreadnuts the Blocker (level 10, -4/132 HPs)
             Began as a Deep Dwarf Fighter on Oct 20, 2020.
             Was a Priest of Trog.
             Slain by a seven-headed hydra (6 damage)
             ... on level 1 of the Lair of Beasts.
             The game lasted 00:47:55 (6764 turns).

somkeydreadnuts the Blocker (Deep Dwarf Fighter)    Turns: 6764, Time: 00:47:58

Health: -4/132     AC: 14    Str: 24    XL:     10   Next: 48%
Magic:  8/8        EV: 10    Int:  5    God:    Trog [***...]
Gold:   426        SH: 20    Dex: 12    Spells: 9/9 levels left

rFire    + . .     SeeInvis .   F - +4 flail
rCold    + + .     Faith    .   w - +8 kite shield of Parlour Games {+Inv rElec rF+ Int-3}
rNeg     . . .     Spirit   .   H - +0 ring mail {MR+}
rPois    .         Reflect  .   (no helmet)
rElec    +         Harm     .   l - scarf {rC+ rF+}
rCorr    .         Rampage  .   q - +0 pair of gloves
MR       ++++.                  E - +0 pair of boots
Stlth    ..........             (no amulet)
HPRegen  1.00/turn              v - +4 ring of protection
MPRegen  0.11/turn              x - ring of ice

@: berserking, non-regenerating, very quick
A: damage resistance, heal wounds, sense surroundings 2, no regeneration
a: Heal Wounds, Berserk, Trog's Hand, Renounce Religion, Evoke Invisibility


You were on level 1 of the Lair of Beasts.
You worshipped Trog.
Trog was most pleased with you.
You visited 2 branches of the dungeon, and saw 10 of its levels.
You also visited: Sewer.

You collected 701 gold pieces.
You spent 275 gold pieces at shops.

Inventory:

Hand Weapons
 a - a +0 antimagic war axe
 F - a +4 flail (weapon)
 G - a +0 war axe
 K - a +2 hand axe of venom
Missiles
 o - 27 poisoned darts (quivered)
Armour
 b - a +0 scale mail
 l - a scarf of resistance (worn)
 p - a scarf of repulsion
 q - a +0 pair of gloves (worn)
 w - the +8 kite shield of Parlour Games (worn) {+Inv rElec rF+ Int-3}
   (You bought it in a shop on level 9 of the Dungeon)

   It affects your intelligence (-3).
   It protects you from fire.
   It insulates you from electricity.
   It lets you turn invisible.
 E - a +0 pair of boots (worn)
 H - a +0 ring mail of magic resistance (worn)
 J - a +0 plate armour
Jewellery
 k - an uncursed ring of positive energy
 v - a +4 ring of protection (left hand)
 x - a ring of ice (right hand)
 A - a +6 ring of dexterity
Wands
 u - a wand of random effects (11)
 B - a wand of paralysis (8)
 C - a wand of digging (7)
 L - a wand of iceblast (6)
Scrolls
 c - a scroll of noise {unknown}
 e - a scroll of immolation {unknown}
 f - 3 scrolls of fog
 h - 6 scrolls of teleportation
 i - 3 scrolls of blinking {unknown}
 m - 11 scrolls of identify {unknown}
 n - 5 scrolls of remove curse
 r - a scroll of random uselessness {unknown}
 t - a scroll of fear {unknown}
 y - a scroll of magic mapping {unknown}
 z - a scroll of enchant weapon {unknown}
Potions
 d - 2 potions of might
 g - 6 potions of curing
 j - a potion of heal wounds {unknown}
 s - a potion of flight {unknown}
 D - a potion of magic {unknown}
 I - a potion of haste


   Skills:
 - Level 5.2 Fighting
 - Level 6.8(7.0) Axes
 - Level 1.8(4.3) Maces & Flails
 - Level 0.5 Throwing
 - Level 9.7 Armour
 - Level 0.7 Dodging
 - Level 0.4 Stealth
 - Level 9.8 Shields
 * Level 8.4 Evocations


You had 9 spell levels left.
You didn't know any spells.
Your spell library was empty.

Dungeon Overview and Level Annotations

Branches:
Dungeon (9/15)             Temple (0/1) D:6            Lair (1/6) D:8
    Orc (0/2) D:9           Sewer (visited)

Altars:
Ashenzari
Okawaru
Qazlal
Ru
Trog
Xom
Zin
Beogh

Shops:
D:9 [


Innate Abilities, Weirdness & Mutations

You are resistant to damage.
You can heal yourself by infusing magical energy.
You passively map the area around you.
You do not regenerate.


Message History

The blink frog hits you!
* * * LOW HITPOINT WARNING * * *
The blink frog blinks!
You block the blink frog's attack.
The blink frog blinks! x2; The seven-headed hydra bites you!
* * * LOW HITPOINT WARNING * * *
You block the seven-headed hydra's attack.
The seven-headed hydra bites you.
* * * LOW HITPOINT WARNING * * *
The seven-headed hydra bites you but does no damage.
The seven-headed hydra bites you!
* * * LOW HITPOINT WARNING * * *
The seven-headed hydra bites you. The seven-headed hydra misses you.
You sock the seven-headed hydra!
The seven-headed hydra is severely wounded.
You block the blink frog's attack.
The seven-headed hydra barely misses you.
You block the seven-headed hydra's attack.
The seven-headed hydra barely misses you.
The seven-headed hydra bites you!
You die...

#..[..........................
#......)..............†.......
#.<#.#'#.##.....##.#..........
#..#......#.....#.....#.....##
#...#...........F#.....+.....#.
#...#......#.....#.....#.....+.
##..#......#.....#.....#.......
..............F.#.............
#..#......#.§@..#.....#.....#.
#... .......§FD.#..+###.....#.
, ..#...................... *
.......§..(.............. **,,
*♣.....F.................. , ,
.♣.......................
*♣.......?...............
.............##.#....... ,, ,
,...............#.......


You could see a seven-headed hydra and 4 blink frogs.

Vanquished Creatures
  Joseph (D:8)
  A black mamba (Lair:1)
  2 cane toads (Lair:1)
  A komodo dragon (D:8)
  Grinder (D:5)
  A wyvern (D:8)
  2 humans (D:8)
  A water moccasin (Lair:1)
  3 orc warriors (D:9)
  A black bear (D:7)
  3 ogres
  2 phantoms
  A centaur (D:8)
  A gnoll sergeant (D:6)
  9 bullfrogs
  2 scorpions
  3 killer bees (D:9)
  4 wights (D:8)
  5 howler monkeys
  2 bullfrog zombies
  6 hounds
  6 orc wizards
  3 orc priests
  A gnoll shaman (D:6)
  2 bullfrog skeletons
  A centaur skeleton (D:6)
  3 iguanas
  4 worker ants
  A hound zombie (D:6)
  A hound skeleton (D:7)
  11 gnolls
  2 river rats (D:3)
  16 adders
  2 shadow imps
  2 white imps
  4 ufetubi (D:6)
  8 oozes (Sewer)
  2 adder zombies (D:9)
  2 adder skeletons
  A dart slug (D:3)
  15 leopard geckos
  52 orcs
  10 ball pythons
  4 bats
  14 giant cockroaches
  3 goblins
  4 hobgoblins
  5 quokkas
  7 frilled lizards
  6 kobolds
  A leopard gecko skeleton (D:5)
  A leopard gecko zombie (D:6)
  2 quokka skeletons
  A quokka zombie (D:6)
  9 rats
258 creatures vanquished.

Vanquished Creatures (others)
  A wizard (D:3)
  An orc wizard (D:4)
  A fungus (Lair:1)
  12 plants
15 creatures vanquished.

Grand Total: 273 creatures vanquished

Notes
Turn   | Place    | Note
-------+----------+-------------------------------------------
     0 | D:1      | somkeydreadnuts the Deep Dwarf Fighter began the quest for
                  | the Orb.
     0 | D:1      | Reached XP level 1. HP: 20/20 MP: 1/1
   307 | D:1      | Reached XP level 2. HP: 21/27 MP: 2/2
   749 | D:2      | Reached XP level 3. HP: 23/34 MP: 3/3
   825 | D:2      | Found a stormy altar of Qazlal.
   872 | D:2      | You fall into a shaft and drop 1 floor!
   928 | D:3      | Reached XP level 4. HP: 22/42 MP: 4/4
  1065 | D:3      | Found a bloodstained altar of Trog.
  1069 | D:3      | Noticed a wizard
  1074 | D:3      | Killed a wizard
  1088 | D:3      | Became a worshipper of Trog the Wrathful
  1177 | D:3      | Found a glowing drain.
  1200 | Sewer    | Entered a sewer
  1206 | Sewer    | Reached XP level 5. HP: 33/50 MP: 4/4
  1314 | Sewer    | Reached skill level 5 in Axes
  1422 | Sewer    | Reached * piety under Trog
  1596 | Sewer    | Reached XP level 6. HP: 23/58 MP: 5/5
  2017 | D:4      | Reached XP level 7. HP: 18/66 MP: 6/6
  2090 | D:4      | Reached ** piety under Trog
  2706 | D:5      | Entered Level 5 of the Dungeon
  2808 | D:5      | HP: 2/66 [iguana (8)]
  2816 | D:5      | Reached skill level 5 in Armour
  2862 | D:5      | Reached skill level 5 in Shields
  2916 | D:5      | Reached XP level 8. HP: 24/73 MP: 7/7
  2966 | D:5      | Found a glowing silver altar of Zin.
  2966 | D:5      | Noticed Grinder
  2996 | D:5      | Killed Grinder
  3567 | D:6      | Found a staircase to the Ecumenical Temple.
  4163 | D:6      | Reached *** piety under Trog
  4353 | D:7      | Gained mutation: You passively map the area around you.
                  | [Deep Dwarf growth]
  4353 | D:7      | Reached XP level 9. HP: 23/80 MP: 8/8
  4360 | D:7      | HP: 4/80 [orc priest/divine providence (10)]
  4966 | D:8      | Found an iron altar of Okawaru.
  5061 | D:8      | Noticed Joseph
  5093 | D:8      | Killed Joseph
  5156 | D:8      | Found a staircase to the Lair.
  5157 | D:8      | Noticed a komodo dragon
  5171 | D:8      | Killed a komodo dragon
  5281 | D:8      | Reached skill level 5 in Fighting
  5437 | D:8      | Reached skill level 1 in Maces & Flails
  5776 | D:9      | Reached XP level 10. HP: 28/88 MP: 8/8
  5828 | D:9      | Found a broken altar of Ashenzari.
  5831 | D:9      | Found Ymuxkoan's Antique Armour Emporium.
  5844 | D:9      | Bought a faintly glowing kite shield for 275 gold pieces
  5854 | D:9      | Identified the +8 kite shield of Parlour Games {+Inv rElec
                  | rF+ Int-3} (You bought it in a shop on level 9 of the
                  | Dungeon)
  5915 | D:9      | Reached skill level 1 in Evocations
  6311 | D:9      | Found a staircase to the Orcish Mines.
  6312 | D:9      | Found a roughly hewn altar of Beogh.
  6323 | D:9      | Reached skill level 5 in Evocations
  6364 | D:9      | Found a sacrificial altar of Ru.
  6364 | D:9      | Found a shimmering altar of Xom.
  6510 | Lair:1   | Entered Level 1 of the Lair of Beasts
  6531 | Lair:1   | Noticed a cane toad
  6542 | Lair:1   | Killed a cane toad
  6630 | Lair:1   | Noticed a cane toad
  6631 | Lair:1   | Noticed a black mamba
  6642 | Lair:1   | Killed a black mamba
  6643 | Lair:1   | Killed a cane toad
  6752 | Lair:1   | Noticed a seven-headed hydra
  6763 | Lair:1   | HP: 1/132 [seven-headed hydra (9)]
  6764 | Lair:1   | Slain by a seven-headed hydra

Illustrated notes

Levels and vault maps discovered:
D:1:      dpeg_arrival_pond, layout_basic
D:2:      layout_basic, nicolae_qazlal_general_emergency, serial_forest,
          infiniplex_forest_straight_2, infiniplex_forest_pool,
          infiniplex_forest_corner_1, infiniplex_forest_end_2,
          infiniplex_forest_clump_curved, infiniplex_forest_corner_2,
          infiniplex_forest_clump_small, uniq_robin
D:3:      layout_rooms, cheibrodos_sewer_entry_sluice, trog_wizard
D:4:      layout_loops_ring, marbit_many_paths
D:5:      layout_rooms, old_standard_altar, uniq_grinder
D:6:      layout_gridville, minmay_temple_entry_nine_rooms
D:7:      layout_rooms
D:8:      layout_gridville, okawaru_humans, david_lair_shrubbed, uniq_joseph
D:9:      layout_roguey, gammafunk_temple_overflow_wave, david_orc_5,
          serial_shops, shop, basic_altar
Lair:1:   layout_regular_city, nicolae_lair_grove_arrangements

Skill      XL: |  1  2  3  4  5  6  7  8  9 10 |
---------------+-------------------------------+-----
Fighting       | 3 4 5 |  5.2
Axes           | 3 4 5 6 |  6.8
Armour         | 5 8 9 |  9.7
Shields        | 5 7 9 |  9.8
Maces & Flails | 1 |  1.8
Evocations     | 8 |  8.4
Throwing       | |  0.5
Dodging        | |  0.7
Stealth        | |  0.4

Action                   |  1- 3 |  4- 6 |  7- 9 | 10-12 || total
-------------------------+-------+-------+-------+-------++-------
Melee: War axe           |    76 |   267 |   401 |   140 ||   884
       Flail             |       |       |    51 |    12 ||    63
       Hand axe          |       |       |       |    41 ||    41
Throw: Dart              |       |       |     2 |       ||     2
Invok: Berserk           |       |     1 |     6 |     3 ||    10
       Trog's Hand       |       |       |    12 |     5 ||    17
 Abil: Heal Wounds       |       |     2 |     4 |       ||     6
  Use: Potion            |       |     5 |       |       ||     5
       Scroll            |       |       |     4 |       ||     4
Armor: Scale mail        |    31 |   153 |   169 |    13 ||   366
       Ring mail         |       |       |       |    21 ||    21
Dodge: Dodged            |    24 |   114 |   128 |    52 ||   318
Block: Kite shield       |    42 |   203 |   218 |   224 ||   687

Table legend: (Time is in decaauts)
 A = Elapsed time spent in this place.
 B = Non-inter-level travel time spent in this place.
 C = Inter-level travel time spent in this place.
 D = Time resting spent in this place.
 E = Time spent auto-exploring this place.
 F = Levels seen in this place.
 G = Mean time per level.
                   A        B        C        D        E       F      G
               +--------+--------+--------+--------+--------+-----+--------+
         Total |   7144 |   7144 |      0 |      0 |   2493 |  11 |  649.5 |
       Dungeon |   6286 |   6286 |      0 |      0 |   2476 |   9 |  698.4 |
          Lair |    256 |    256 |      0 |      0 |      0 |   1 |  256.0 |
         Sewer |    601 |    601 |      0 |      0 |     16 |   1 |  601.0 |
               +--------+--------+--------+--------+--------+-----+--------+

Top non-repeatable levels by time:
     D:8: 1039 daAuts
     D:6: 1025 daAuts
     D:4: 905 daAuts
     D:1: 755 daAuts
     D:9: 702 daAuts
     D:7: 627 daAuts
   Sewer: 601 daAuts
     D:5: 564 daAuts
     D:3: 522 daAuts
  Lair:1: 256 daAuts
     D:2: 142 daAuts
